 Dungeon Crawl Stone Soup version 0.30.0 (webtiles) character file.

Game seed: 2013128323159930978

72 Twinkles the Trooper (level 4, 0/41 HPs)
             Began as a Hill Orc Fighter on May 6, 2023.
             Slain by Natasha (1 damage)
             ... on level 2 of the Dungeon.
             The game lasted 00:03:59 (1139 turns).

Twinkles the Trooper (Hill Orc Fighter)             Turns: 1139, Time: 00:03:59

Health: 0/41       AC:  7    Str: 20    XL:     4   Next: 25%
Magic:  4/4        EV:  9    Int: 14    God:
Gold:   88         SH:  4    Dex: 10    Spells: 3/3 levels left

rFire   . . .        a - +0 war axe
rCold   . . .        c - +0 buckler
rNeg    . . .        b - +0 scale mail
rPois   .            (no helmet)
rElec   .            (no cloak)
rCorr   .            (no gloves)
SInv    .            (no boots)
Will    .....        (no amulet) Stlth
                     f - +6 ring of intelligence
HPRegen 0.26/turn    (no ring)
MPRegen 0.09/turn

%: no passive effects
@: brilliant, slowed, very slow
A: no striking features
a: no special abilities


You were on level 2 of the Dungeon.
You visited 1 branch of the dungeon, and saw 2 of its levels.

You collected 88 gold pieces.

Inventory:

Hand Weapons
 a - a +0 war axe (weapon)
Armour
 b - a +0 scale mail (worn)
 c - a +0 buckler (worn)
Jewellery
 f - a +6 ring of intelligence (left hand)
Scrolls
 d - 3 scrolls of identify {unknown}
 e - a scroll of magic mapping {unknown}
 i - a scroll of immolation {unknown}
Potions
 h - 2 potions of cancellation {unknown}
 B - 2 potions of brilliance
 M - a potion of might


   Skills:
 + Level 4.3 Fighting
 + Level 3.7 Axes
 + Level 3.9 Armour
 + Level 3.9 Shields


You had 3 spell levels left.
You didn't know any spells.
Your spell library was empty.

Dungeon Overview and Level Annotations

Branches:
Dungeon (2/15) Zot: 10799

Altars:

Shops:
D:1 :([

Annotations:
D:2 Natasha


Message History

You miss Natasha.
Natasha is heavily wounded.
The cerulean imp barely misses you.
Natasha casts a spell.
The cerulean imp closely misses you. The cerulean imp barely misses you.
Natasha closely misses you.
The cerulean imp hits you but does no damage.
You barely miss Natasha.
Natasha is heavily wounded.
The cerulean imp completely misses you. You block Natasha's attack.
The cerulean imp hits you but does no damage. x2
You block Natasha's attack. The cerulean imp barely misses you.
You barely miss Natasha.
Natasha is moderately wounded.
The cerulean imp barely misses you. The cerulean imp completely misses you.
You block Natasha's attack.
The cerulean imp hits you but does no damage.
The cerulean imp closely misses you.
The cerulean imp hits you but does no damage.
Natasha claws you.
* * * LOW HITPOINT WARNING * * *
You block the cerulean imp's attack.
You barely miss Natasha.
Natasha is moderately wounded.
The cerulean imp hits you but does no damage. x2
Natasha claws you!
* * * LOW HITPOINT WARNING * * *
The cerulean imp hits you from afar with a +2 spear.
* * * LOW HITPOINT WARNING * * *
The cerulean imp barely misses you. The cerulean imp closely misses you.
Natasha claws you but does no damage. You block the cerulean imp's attack.
The cerulean imp hits you from afar with a +1 spear.
* * * LOW HITPOINT WARNING * * *
You aren't carrying any items that you can evoke.
It was a potion of brilliance.
You feel clever all of a sudden.
B - 2 potions of brilliance The cerulean imp hits you but does no damage.
Natasha claws you.
You die...

.......# #....# .......#
#....# .......### #...h#
.........# #....#
######...# #....# ## ###
#...# #....###..+ ..#
#...# #........#
..#####...########5....##.
..'.............@h5.......
..#####...########5....###
..# #...# #.....# ..#
#...# #.....# ..# #...#
#....... ..# #...#
#....#### ..# #...#
#.......# ..# #...#
###.....# ##### #.....# #


You could see Natasha and 3 cerulean imps.

Vanquished Creatures
  2 adders (D:2)
  2 worms (D:2)
  A dart slug (D:2)
  5 endoplasms
  3 giant cockroaches
  5 goblins
  2 hobgoblins (D:1)
  3 jackals (D:1)
  A quokka (D:1)
  3 ball pythons (D:1)
  5 bats
  5 frilled lizards
  4 kobolds
  5 rats
46 creatures vanquished.

Notes
Turn   | Place    | Note
-------+----------+-------------------------------------------
     0 | D:1      | Twinkles the Hill Orc Fighter began the quest for the Orb.
     0 | D:1      | Reached XP level 1. HP: 19/19 MP: 1/1
   103 | D:1      | Reached XP level 2. HP: 13/27 MP: 2/2
   257 | D:1      | Found Tytuzxam's Antique Armour Emporium.
   354 | D:1      | Found Wewk's Vocational Training.
   368 | D:1      | Reached skill level 4 in Fighting
   375 | D:1      | Reached XP level 3. HP: 33/33 MP: 3/3
   427 | D:1      | Found Gomocep's Weapon Shoppe.
   911 | D:2      | Reached XP level 4. HP: 37/40 MP: 4/4
  1119 | D:2      | Noticed Natasha
  1133 | D:2      | HP: 11/41 [Natasha (2)]
  1138 | D:2      | HP: 6/41 [Natasha (7)]
  1138 | D:2      | HP: 2/41 [cerulean imp/+2 spear[Natasha] (4)]
  1139 | D:2      | Slain by Natasha

Illustrated notes

Levels and vault maps discovered:
D:1:      shiori_arrival_maze, layout_basic, serial_shops,
          nicolae_shop_tiny_waterfront, nicolae_shop_tiny_glass,
          nicolae_shop_vocational
D:2:      layout_basic, serial_shops, shop, uniq_natasha

Skill      XL: |  1  2 |
---------------+-------+-----
Axes           | 3 |  3.7
Fighting       | 4 |  4.3
Armour         | |  3.9
Shields        | |  3.9

Action                     |  1- 3 |  4- 6 || total
---------------------------+-------+-------++-------
  Melee: War axe           |   122 |    38 ||   160
    Use: Potion            |       |     1 ||     1
 Armour: Scale mail        |    69 |    29 ||    98
  Dodge: Dodged            |    63 |    27 ||    90
  Block: Buckler           |    31 |     8 ||    39
